 Dungeon Crawl Stone Soup version 0.30-b1-2-g02819fbbbe (webtiles) character file.

Game seed: 3770715255779987504

32 Flibulle the Sneak (level 3, -3/16 HPs)
             Began as a Spriggan Enchanter on July 13, 2023.
             Slain by a worm (9 damage)
             ... on level 2 of the Dungeon.
             The game lasted 00:10:55 (1061 turns).

Flibulle the Sneak (Spriggan Enchanter)             Turns: 1061, Time: 00:10:56

Health: -3/16      AC:  2    Str:  4    XL:     3   Next: 8%
Magic:  1/8        EV: 18    Int: 16    God:
Gold:   56         SH:  0    Dex: 17    Spells: 5/7 levels left

rFire   . . .        a - +1 dagger
rCold   . . .        (no shield)
rNeg    + . .        b - +0 robe
rPois   .            (helmet restricted)
rElec   .            (no cloak)
rCorr   .            (gloves unavailable)
SInv    +            (boots unavailable)
Will    .....        (no amulet)
Stlth   +++          e - ring of positive energy
HPRegen 0.22/turn    j - ring of wizardry
MPRegen 0.11/turn

%: wizardry (x1)
@: very quick
A: very small, no large weapons, unfitting armour, see invisible, speed 3
a: no special abilities


You were on level 2 of the Dungeon.
You visited 1 branch of the dungeon, and saw 2 of its levels.

You collected 56 gold pieces.

Inventory:

Hand Weapons
 a - a +1 dagger (weapon)
 g - a +0 dagger
 i - a +0 dagger
 l - a +0 dagger
Armour
 b - a +0 robe (worn)
 f - a +0 robe
Jewellery
 e - a ring of positive energy (left hand)
 j - a ring of wizardry (right hand)
Scrolls
 d - 2 scrolls of enchant weapon {unknown}
 h - a scroll of identify {unknown}
 m - a scroll of brand weapon {unknown}
Potions
 c - 2 potions of invisibility
 k - a potion of magic {unknown}


   Skills:
 + Level 1.8 Short Blades
 + Level 3.3 Dodging
 + Level 5.0 Stealth
 - Level 2.6 Spellcasting
 + Level 4.1 Hexes


You had 5 spell levels left.
You knew the following spells:

 Your Spells              Type           Power      Damage    Failure   Level
a - Ensorcelled Hibernat  Hex/Ice        16%        N/A       5%          2

Your spell library contained the following spells:

 Spells                   Type           Power      Damage    Failure   Level
 Confusing Touch          Hex            15%        N/A       4%          3
 Tukima's Dance           Hex            15%        N/A       4%          3
 Apportation              Tloc           4%         N/A       8%          1
 Necrotise                Necr           8%         1d4       8%          1
 Summon Small Mammal      Summ           8%         N/A       8%          1
 Dazzling Flash           Conj/Hex       16%        N/A       11%         3
 Leda's Liquefaction      Hex/Erth       4%         N/A       32%         4
 Haunt                    Necr/Summ      1%         N/A       100%        7
 Death's Door             Necr           1%         N/A       100%        9


Dungeon Overview and Level Annotations

Branches:
Dungeon (2/15)

Altars:
Cheibriados

Shops:
D:1 !

Annotations:
D:2 Terence


Innate Abilities, Weirdness & Mutations

You are very small and have problems with some larger weapons.
You are too small for most types of armour.
You have supernaturally acute eyesight. (SInv)
You cover ground extremely quickly. (Speed+++)


Message History

The worm misses you.
You barely miss the worm.
The worm is lightly wounded.
You hit the worm.
The worm is lightly wounded.
The worm misses you.
You barely miss the worm.
The worm is lightly wounded.
Aiming: Ensorcelled Hibernation (safe; 5% risk of failure)
Press: ? - help, Q - select action Shift-Dir - straight line, f - you, p - worm That would be overly suicidal.
Okay, then.
Aiming: Ensorcelled Hibernation (safe; 5% risk of failure)
Press: ? - help, Q - select action Shift-Dir - straight line, f - worm
Aim: a worm (lightly wounded, not susceptible)
The worm is unaffected.
The worm barely misses you.
Aiming: Ensorcelled Hibernation (safe; 5% risk of failure)
Press: ? - help, Q - select action Shift-Dir - straight line, f/p - worm
Aim: a worm (lightly wounded, not susceptible)
The worm is unaffected.
The worm completely misses you.
You hit the worm.
The worm is lightly wounded.
You hit the worm.
The worm is moderately wounded.
The worm closely misses you.
You hit the worm.
The worm is heavily wounded.
You hit the worm.
The worm is heavily wounded.
The worm bites you!
Ouch! That really hurt!
You hit the worm but do no damage.
The worm is heavily wounded.
You hit the worm.
The worm is heavily wounded.
The worm bites you!
Ouch! That really hurt!
You die...

###
#.################
#..........#.....#
#@########.#.###.#
#w# #.#.###.# #.#
#)#...#.# #.#
#.#.###.# #.#
#.......# #.#
#######.##### ...
............. ###
#######'#####
#....# #


You could see a worm.

Vanquished Creatures
  An adder (D:2)
  A worm (D:2)
  An endoplasm (D:1)
  4 giant cockroaches (D:1)
  4 goblins
  2 hobgoblins
  2 bats (D:1)
  3 kobolds (D:1)
  A rat (D:2)
19 creatures vanquished.

Notes
Turn   | Place    | Note
-------+----------+-------------------------------------------
     0 | D:1      | Flibulle the Spriggan Enchanter began the quest for the
                  | Orb.
     0 | D:1      | Reached XP level 1. HP: 9/9 MP: 5/5
   226 | D:1      | Found Mevef's Distillery.
   281 | D:1      | Reached XP level 2. HP: 13/13 MP: 6/6
   284 | D:1      | Learned a level 2 spell: Ensorcelled Hibernation
   393 | D:1      | Got the Exposition on Creeping Excavation
   720 | D:2      | Noticed Terence
   882 | D:2      | Found a snail-covered altar of Cheibriados.
   913 | D:2      | Reached skill level 5 in Stealth
   913 | D:2      | Reached XP level 3. HP: 8/16 MP: 8/8
  1061 | D:2      | Slain by a worm

Illustrated notes

Levels and vault maps discovered:
D:1:      scummos_arrival_gate, layout_basic, serial_shops,
          nicolae_shop_tiny_waterfront, st_stairs_5
D:2:      layout_basic, basic_altar, uniq_terence

Skill      XL: |  1  2 |
---------------+-------+-----
Dodging        | 3 |  3.3
Hexes          | 4 |  4.1
Stealth        | 5 |  5.0
Short Blades   | |  1.8
Spellcasting   | |  2.6

Action                     || total
---------------------------++-------
  Melee: Dagger            ||    82
   Cast: Ensorcelled Hiber ||    10
   Stab: Sleeping          ||     7
 Armour: Robe              ||     7
  Dodge: Dodged            ||    52
